Map: Sito di ricerca JD-2

Players

Kron

  • Race: Protoss Protoss
  • Spawn Location: 6:00

titan

  • Race: Protoss Protoss
  • Spawn Location: 7:00

Jhyrachy

  • Race: Protoss Protoss
  • League: Silver
  • Spawn Location: 7:00

Merlin

  • Race: Protoss Protoss
  • Spawn Location: 6:00

roolyo

  • Race: Terran Terran
  • League: Platinum
  • Spawn Location: 1:00

Meistro

  • Race: Zerg Zerg
  • Spawn Location: 3:00

evobus

  • Race: Protoss Protoss
  • Spawn Location: 12:00

Kothoga

  • Race: Protoss Protoss
  • Spawn Location: 12:00

VOD

Have the link to the VOD?

Description

Time

  • Played on: April 3, 2016, 2:50 p.m.
  • Length: 14:44
Show
View Real Time Build Order
Export as new Build Order

Kron Protoss 

Build Orders:  

Get SALT Encoding   

  12  0:17  Probe (Chrono Boost)  
  13  0:27  Probe (Chrono Boost)  
  14  0:34  Pylon  
  14  0:38  Probe (Chrono Boost)  
  15  0:52  Probe (Chrono Boost)  
  16  0:58  Forge  
  16  1:06  Probe (Chrono Boost)  
  16  1:07  Gateway  
  17  1:15  Assimilator  
  17  1:16  Probe (Chrono Boost)  
  18  1:27  Probe (Chrono Boost)  
  18  1:32  Photon Cannon  
  19  1:35  Photon Cannon  
  19  1:44  Probe (Chrono Boost)  
  19  1:45  Assimilator  
  20  1:51  Pylon  
  20  1:55  Probe (Chrono Boost)  
  21  2:11  Pylon  
  21  2:30  Nexus  
  21  2:40  Cybernetics Core  
  21  2:53  Photon Cannon  
  21  3:08  Assimilator  
  21  3:11  Probe (Chrono Boost)  
  22  3:14  Assimilator  
  22  3:22  Probe (Chrono Boost)  
  23  3:28  Stargate  
  23  3:42  Stargate  
  23  3:46  Probe (Chrono Boost)  
  24  3:56  Probe (Chrono Boost)  
  25  4:07  Probe x2 (Chrono Boost)  
  27  4:17  Probe x2 (Chrono Boost)  
  27  4:20  Protoss Air Weapons Level 1  
  29  4:28  Probe (Chrono Boost)  
  31  4:38  Probe (Chrono Boost), Void Ray  
  35  4:49  Probe (Chrono Boost)  
  35  4:52  Phoenix  
  38  5:03  Photon Cannon  
  38  5:13  Protoss Shields Level 1  
  38  5:22  Pylon  
  38  5:28  Void Ray  
  42  5:43  Void Ray  
  46  5:54  Stargate  
  46  6:07  Probe (Chrono Boost)  
  46  6:08  Stargate  
  46  6:09  Probe (Chrono Boost)  
  48  6:16  Protoss Air Armor Level 1  
  48  6:19  Probe (Chrono Boost)  
  48  6:23  Pylon  
  49  6:35  Void Ray  
  53  6:46  Void Ray  
  57  7:00  Void Ray  
  61  7:09  Void Ray  
  65  7:20  Void Ray  
  61  7:39  Void Ray  
  61  7:43  Void Ray  
  65  8:06  Void Ray  
  69  8:25  Pylon  
  69  8:31  Pylon  
  69  8:33  Pylon  
  69  8:37  Pylon  
  69  8:38  Void Ray  
  49  8:59  Void Ray x2  
  49  9:00  Void Ray  
  57  9:23  Void Ray  
  61  9:42  Void Ray x2  
  69  9:59  Pylon  
  49  10:14  Void Ray  
  49  10:15  Void Ray  
  57  10:25  Void Ray  
  49  10:46  Void Ray  
  53  10:57  Void Ray  
  57  11:08  Void Ray x2  
  65  11:11  Pylon  
  65  11:29  Void Ray  
  69  11:40  Void Ray  
  32  14:00  Void Ray  
  32  14:07  Pylon  
  32  14:15  Pylon  
  32  14:25  Probe (Chrono Boost)  
Show
View Real Time Build Order
Export as new Build Order

titan Protoss 

Build Orders:  

Get SALT Encoding   

  12  0:09  Probe (Chrono Boost)  
  13  0:18  Assimilator  
  13  0:20  Probe (Chrono Boost)  
  14  0:33  Assimilator  
  14  0:50  Pylon  
  14  0:55  Probe (Chrono Boost)  
  15  1:08  Probe (Chrono Boost)  
  15  1:09  Gateway  
  16  1:19  Probe (Chrono Boost)  
  16  1:21  Forge  
  17  1:31  Probe (Chrono Boost)  
  18  1:41  Probe (Chrono Boost)  
  18  1:43  Pylon  
  19  1:51  Pylon  
  19  1:52  Probe (Chrono Boost)  
  20  1:59  Photon Cannon  
  20  2:09  Photon Cannon  
  20  2:26  Cybernetics Core  
  20  2:34  Photon Cannon  
  20  2:39  Probe (Chrono Boost)  
  21  2:48  Photon Cannon  
  21  2:59  Photon Cannon  
  21  3:31  Nexus  
  21  3:37  Assimilator  
  21  3:43  Assimilator  
  21  3:50  Pylon  
  21  3:59  Pylon  
  21  4:11  Photon Cannon  
  21  4:20  Photon Cannon  
  21  4:36  Stargate  
  21  4:38  Probe (Chrono Boost)  
  22  4:47  Probe (Chrono Boost)  
  22  4:49  Probe (Chrono Boost)  
  24  4:58  Probe (Chrono Boost)  
  26  5:00  Probe (Chrono Boost)  
  26  5:08  Probe (Chrono Boost)  
  26  5:12  Probe (Chrono Boost)  
  28  5:19  Probe (Chrono Boost)  
  29  5:23  Probe (Chrono Boost)  
  30  5:28  Probe (Chrono Boost)  
  30  5:30  Protoss Air Weapons Level 1 (Chrono Boost)  
  30  5:33  Probe  
  32  5:38  Probe  
  33  5:43  Pylon  
  33  5:49  Probe  
  34  5:57  Probe  
  34  5:59  Probe  
  36  6:07  Stargate  
  36  6:09  Probe  
  36  6:10  Probe  
  37  6:16  Stargate  
  38  6:20  Probe  
  38  6:21  Probe  
  38  6:24  Stargate  
  40  6:31  Probe, Stargate  
  41  6:34  Probe  
  42  6:46  Probe  
  43  6:56  Void Ray (Chrono Boost)  
  47  7:07  Nexus  
  47  7:12  Assimilator  
  47  7:17  Assimilator  
  47  7:18  Void Ray (Chrono Boost)  
  47  7:21  Void Ray (Chrono Boost)  
  59  7:31  Void Ray (Chrono Boost)  
  59  7:38  Protoss Air Armor Level 1 (Chrono Boost)  
  59  7:50  Void Ray (Chrono Boost)  
  71  8:08  Void Ray x2 (Chrono Boost)  
  75  8:13  Void Ray (Chrono Boost)  
  75  8:25  Pylon x2  
  75  8:28  Probe, Pylon  
  75  8:29  Pylon  
  76  8:38  Probe  
  77  8:49  Probe, Pylon x2  
  77  8:52  Pylon  
  77  8:59  Probe  
  74  9:10  Probe  
  75  9:24  Void Ray x4  
  51  10:32  Photon Cannon  
  51  10:34  Photon Cannon  
  47  10:36  Photon Cannon  
  47  10:38  Photon Cannon  
  47  10:39  Photon Cannon  
  47  10:42  Photon Cannon  
  47  10:44  Photon Cannon  
  63  11:03  Photon Cannon  
  63  11:04  Photon Cannon  
Show
View Real Time Build Order
Export as new Build Order

Jhyrachy Protoss 

Build Orders:  

Get SALT Encoding   

  12  0:02  Probe (Chrono Boost)  
  13  0:12  Probe (Chrono Boost)  
  14  0:26  Probe (Chrono Boost)  
  15  0:34  Pylon  
  15  0:43  Pylon  
  15  0:52  Probe (Chrono Boost)  
  15  0:56  Forge  
  16  1:02  Gateway  
  16  1:03  Probe (Chrono Boost)  
  17  1:13  Probe (Chrono Boost)  
  18  1:24  Pylon  
  18  1:25  Probe (Chrono Boost)  
  19  1:39  Photon Cannon  
  19  1:40  Probe (Chrono Boost)  
  20  1:48  Pylon  
  20  1:57  Cybernetics Core  
  20  2:02  Pylon  
  20  2:05  Pylon  
  20  2:19  Assimilator  
  20  2:22  Assimilator  
  20  2:33  Nexus  
  20  2:40  Probe (Chrono Boost)  
  21  2:50  Probe (Chrono Boost)  
  22  3:01  Probe (Chrono Boost)  
  23  3:39  Probe (Chrono Boost)  
  24  3:47  Mothership Core (Chrono Boost)  
  26  3:50  Probe (Chrono Boost)  
  27  3:58  Robotics Facility  
  27  4:00  Probe (Chrono Boost)  
  28  4:11  Probe (Chrono Boost)  
  28  4:17  Probe (Chrono Boost)  
  30  4:21  Probe (Chrono Boost)  
  31  4:27  Probe (Chrono Boost)  
  32  4:32  Probe (Chrono Boost)  
  32  4:35  Assimilator  
  32  4:38  Probe (Chrono Boost)  
  34  4:42  Probe (Chrono Boost)  
  35  4:48  Probe (Chrono Boost)  
  36  4:55  Robotics Bay  
  36  4:59  Probe (Chrono Boost)  
  37  5:02  Observer  
  38  5:09  Probe (Chrono Boost)  
  38  5:12  Probe (Chrono Boost)  
  40  5:20  Probe (Chrono Boost)  
  41  5:22  Probe (Chrono Boost)  
  41  5:26  Observer  
  43  5:32  Probe (Chrono Boost)  
  44  5:44  Observer Gravitic Boosters  
  44  5:49  Warp Prism  
  46  6:41  Gravitic Drive  
  46  6:48  Gateway  
  46  6:49  Gateway  
  46  6:52  Gateway  
  45  7:45  Protoss Shields Level 1  
  45  7:58  Warp Gate (Chrono Boost)  
  45  8:09  Assimilator  
  45  8:19  Observer  
  46  8:34  Nexus  
  46  8:41  Observer  
  47  8:45  Pylon  
  47  9:04  Colossus  
  53  9:16  Extended Thermal Lance (Chrono Boost)  
  53  9:39  Protoss Ground Weapons Level 1 (Chrono Boost)  
  53  9:45  Probe  
  54  9:56  Probe  
  55  10:00  Photon Cannon  
  55  10:07  Probe  
  56  10:17  Probe  
  56  10:18  Pylon  
  56  10:20  Photon Cannon  
  57  10:22  Colossus  
  57  10:28  Probe  
  64  11:08  Colossus  
  36  11:55  Colossus  
  42  12:20  Protoss Ground Armor Level 1 (Chrono Boost)  
  42  12:39  Zealot  
  42  12:40  Zealot x2  
  42  12:42  Colossus  
  41  13:28  Colossus  
  40  14:01  Robotics Facility  
  40  14:03  Robotics Facility  
  40  14:36  Twilight Council  
Show
View Real Time Build Order
Export as new Build Order

Merlin Protoss 

Build Orders:  

Get SALT Encoding   

  12  0:01  Probe (Chrono Boost)  
  13  0:15  Probe (Chrono Boost)  
  14  0:26  Probe (Chrono Boost)  
  14  0:28  Pylon  
  15  0:40  Assimilator  
  15  0:44  Pylon  
  15  0:46  Probe (Chrono Boost)  
  16  0:57  Gateway  
  16  1:05  Probe (Chrono Boost)  
  16  1:10  Assimilator  
  17  1:15  Probe (Chrono Boost)  
  18  1:26  Probe (Chrono Boost), Pylon  
  19  1:36  Probe (Chrono Boost)  
  20  1:47  Probe (Chrono Boost)  
  20  1:53  Cybernetics Core  
  21  2:10  Probe (Chrono Boost)  
  21  2:11  Pylon  
  22  2:21  Probe (Chrono Boost)  
  23  2:31  Probe (Chrono Boost)  
  24  2:37  Nexus  
  24  2:42  Assimilator  
  24  2:51  Probe (Chrono Boost)  
  25  3:01  Probe (Chrono Boost)  
  26  3:08  Stargate  
  26  3:12  Mothership Core (Chrono Boost)  
  28  3:30  Probe (Chrono Boost)  
  29  3:41  Probe (Chrono Boost)  
  30  3:47  Stargate  
  30  3:51  Probe (Chrono Boost)  
  30  3:52  Pylon  
  31  3:58  Probe (Chrono Boost)  
  31  4:02  Probe (Chrono Boost)  
  33  4:08  Probe (Chrono Boost)  
  34  4:11  Pylon  
  34  4:12  Void Ray (Chrono Boost)  
  34  4:14  Assimilator  
  39  4:17  Probe, Pylon  
  39  4:31  Probe x2  
  45  4:40  Void Ray (Chrono Boost)  
  45  4:41  Probe  
  45  4:43  Probe  
  47  4:45  Protoss Air Weapons Level 1  
  47  4:52  Probe  
  47  4:55  Probe  
  49  5:02  Void Ray (Chrono Boost)  
  53  5:11  Probe x2  
  55  5:17  Void Ray (Chrono Boost)  
  59  5:31  Probe  
  60  5:40  Void Ray (Chrono Boost)  
  64  5:43  Probe  
  64  5:45  Probe  
  66  5:55  Void Ray (Chrono Boost)  
  70  6:01  Fleet Beacon  
  70  6:02  Pylon  
  70  6:05  Pylon  
  70  6:17  Void Ray (Chrono Boost)  
  74  6:32  Phoenix (Chrono Boost)  
  76  6:53  Phoenix (Chrono Boost)  
  82  6:54  Void Ray (Chrono Boost)  
  82  7:14  Protoss Air Armor Level 1  
  86  7:15  Void Ray (Chrono Boost)  
  86  7:31  Void Ray (Chrono Boost)  
  70  8:11  Void Ray x2 (Chrono Boost)  
  78  8:48  Void Ray x2 (Chrono Boost)  
  52  11:23  Tempest (Chrono Boost)  
  52  11:24  Void Ray (Chrono Boost)  
  55  12:02  Void Ray (Chrono Boost)  
  55  12:05  Void Ray (Chrono Boost)  
  44  12:39  Nexus  
  32  13:26  Void Ray (Chrono Boost)  
  28  13:36  Void Ray (Chrono Boost)  
  36  14:19  Gateway  
  36  14:26  Gateway  
Show
View Real Time Build Order
Export as new Build Order

roolyo Terran 

Build Orders:  

Get SALT Encoding   

  12  0:01  SCV  
  13  0:13  SCV  
  14  0:24  Supply Depot  
  14  0:25  SCV  
  15  0:46  SCV  
  16  0:53  Barracks  
  16  0:59  SCV  
  16  1:01  Refinery  
  17  1:13  SCV  
  19  1:25  SCV  
  19  1:28  Barracks  
  19  1:40  Orbital Command  
  19  1:41  Marine  
  19  1:44  Supply Depot  
  20  1:59  Marine  
  21  2:04  Barracks  
  21  2:06  SCV  
  22  2:15  Factory  
  22  2:16  Marine  
  22  2:20  SCV  
  22  2:21  Marine  
  25  2:32  SCV  
  25  2:34  Marine  
  27  2:38  Bunker  
  27  2:41  Marine  
  28  2:44  SCV  
  28  2:48  Supply Depot  
  29  2:57  SCV  
  30  3:04  Marine  
  30  3:05  Refinery  
  31  3:09  Marine, SCV  
  31  3:12  Factory Tech Lab  
  33  3:17  Marine  
  34  3:21  SCV  
  34  3:23  Engineering Bay  
  35  3:28  Supply Depot  
  35  3:33  Marine, SCV  
  35  3:34  Marine  
  38  3:46  SCV  
  39  3:54  Engineering Bay  
  39  3:58  SCV  
  39  4:00  Command Center  
  40  4:03  Marine  
  40  4:08  Supply Depot  
  40  4:09  Marine  
  42  4:10  SCV  
  43  4:17  Siege Tank  
  43  4:22  Terran Infantry Weapons Level 1  
  46  4:28  Terran Infantry Armor Level 1  
  46  4:40  Missile Turret  
  46  4:42  Missile Turret  
  46  4:53  Missile Turret  
  46  4:57  Barracks Tech Lab  
  46  4:59  SCV  
  47  5:00  Barracks Tech Lab  
  47  5:03  Supply Depot  
  47  5:06  Barracks Reactor  
  47  5:12  SCV  
  49  5:22  Orbital Command  
  49  5:27  Refinery  
  48  5:33  SCV  
  48  5:34  Starport  
  49  5:44  Marine  
  49  5:45  Marauder, Marine x2, SCV  
  55  5:51  SCV  
  55  5:54  Armory  
  55  5:55  Stimpack  
  56  5:57  SCV  
  56  6:02  Refinery  
  56  6:03  SCV  
  58  6:09  SCV  
  58  6:11  Starport Reactor  
  59  6:13  Supply Depot  
  59  6:14  Marine x2  
  59  6:15  Marine, SCV  
  63  6:21  SCV  
  64  6:26  Marine  
  64  6:28  SCV  
  64  6:29  Barracks  
  66  6:33  SCV  
  66  6:34  Marine x3  
  70  6:41  SCV  
  70  6:44  Marine, Barracks  
  70  6:45  SCV  
  73  6:51  Marine  
  73  6:52  Marine  
  76  7:01  Marine  
  76  7:09  Marine x2  
  76  7:10  SCV x2  
  76  7:13  Medivac x2  
  84  7:19  Terran Infantry Armor Level 2, Marine, Terran Infantry Weapons Level 2  
  84  7:20  Marine  
  86  7:28  Marine  
  85  7:33  Marine  
  85  7:36  SCV x2  
  81  7:37  Marine  
  81  7:43  Barracks Reactor x2, Medivac x2  
  85  7:46  Marine  
  86  7:53  Terran Vehicle Weapons Level 1  
  86  7:54  Barracks x2  
  86  7:57  Barracks  
  86  7:58  Supply Depot  
  86  7:59  Supply Depot  
  86  8:09  Supply Depot  
  86  8:11  Supply Depot  
  86  8:13  Marine x3  
  89  8:21  Marine x4  
  93  8:31  Marine x3  
  96  8:39  Marine x4  
  99  8:49  Marine x3  
  102  8:57  Marine x4  
  102  9:00  Marine x2  
  102  9:01  Marine  
  102  9:02  Medivac x2  
  113  9:06  Marine  
  113  9:07  Marine  
  113  9:24  SCV  
  113  9:25  Barracks Reactor, Marine  
  113  9:26  Barracks Reactor x2, Marine x3  
  113  9:27  Marine x3  
  121  9:32  Medivac x2  
  125  9:43  Marine  
  126  9:47  Supply Depot  
  126  9:51  Supply Depot  
  126  10:02  Marine  
  126  10:05  Marine x2  
  126  10:06  Medivac  
  126  10:07  Marine  
  123  10:20  Marine x5  
  123  10:21  Marine  
  112  10:33  Marine x5  
  112  10:34  Marine x2  
  117  10:42  Marine x6  
  121  10:51  Marine  
  121  10:59  Marine x8  
  121  11:00  Marine  
  115  11:18  Marine x2  
  113  11:19  Marine x9  
  113  11:20  Marine x2  
  118  11:29  SCV  
  118  11:30  SCV  
  112  11:36  Command Center, Marine x4  
  110  11:41  SCV  
  98  11:49  Terran Infantry Armor Level 3  
  94  12:00  Combat Shields  
  83  12:13  Hellion  
  83  12:14  Marine x2  
  67  12:34  Hellion  
  69  12:40  Marine x5  
  69  12:41  Marine x4  
  74  12:56  Marine x4  
  74  12:57  Marine  
  74  12:58  Marine x2  
  79  13:07  Missile Turret  
  79  13:09  Orbital Command  
  77  13:18  Marine x3  
  77  13:19  Marine x3  
  83  13:34  Marine x4  
  83  13:35  Marine x3  
  90  13:46  Marine  
  85  14:01  Marine x3  
  88  14:23  Marine x4  
  88  14:24  Marine x7  
  93  14:25  Marine x2  
Show
View Real Time Build Order
Export as new Build Order

Meistro Zerg 

Build Orders: Pool First 

Get SALT Encoding   

  12  0:05  Drone  
  13  0:08  Drone  
  14  0:27  Extractor  
  13  0:29  Drone  
  15  0:51  Overlord  
  15  0:58  Spawning Pool  
  14  1:16  Hatchery  
  13  1:22  Extractor  
  13  1:24  Extractor  
  11  1:25  Drone  
  11  1:26  Drone x2  
  14  1:40  Overlord  
  15  1:54  Drone  
  15  1:56  Queen  
  17  2:11  Evolution Chamber  
  16  2:26  Drone x2  
  16  2:27  Drone  
  19  2:33  Evolution Chamber  
  19  2:35  Lair  
  18  2:48  Metabolic Boost  
  18  2:54  Drone  
  19  2:59  Drone  
  19  3:04  Drone  
  21  3:16  Zerg Melee Weapons Level 1  
  21  3:31  Zerg Ground Armor Level 1  
  21  3:40  Overseer  
  21  3:52  Drone x3  
  24  4:09  Extractor  
  23  4:13  Extractor  
  23  4:15  Queen  
  24  4:24  Nydus Network  
  23  4:38  Drone x3  
  26  4:43  Infestation Pit  
  25  5:02  Drone x2  
  27  5:10  Zerg Melee Weapons Level 2  
  27  5:25  Zerg Ground Armor Level 2  
  27  5:37  Hive  
  27  5:43  Drone  
  28  5:51  Drone  
  28  5:52  Drone  
  30  6:22  Drone x2  
  30  6:23  Drone  
  33  6:34  Overseer  
  33  6:39  Zergling x6  
  36  6:45  Overlord  
  36  6:56  Spore Crawler  
  36  7:00  Spore Crawler  
  34  7:08  Spore Crawler  
  33  7:14  Spore Crawler  
  32  7:34  Spore Crawler  
  31  7:39  Spore Crawler, Drone x3  
  31  7:40  Drone  
  34  7:53  Nydus Network  
  34  7:56  Overlord x3  
  33  8:09  Adrenal Glands  
  33  8:20  Drone x2  
  33  8:21  Drone  
  36  8:30  Spore Crawler  
  34  8:53  Lair  
  28  9:05  Spore Crawler  
  26  9:29  Drone x2  
  28  9:49  Overlord x3  
  28  9:52  Overlord x2  
  28  10:07  Queen  
  30  10:17  Zergling x16  
  30  10:18  Zergling x2  
  39  10:35  Zergling x6  
  41  10:41  Zergling x4  
  41  10:42  Zergling x20  
  54  10:43  Zergling x6  
  57  11:17  Nydus Canal  
  27  13:16  Zergling x8  
  27  13:17  Zergling x4  
  33  13:32  Hydralisk Den  
  32  13:45  Infestor x5  
  42  14:12  Zergling x10  
  51  14:22  Overlord  
Show
View Real Time Build Order
Export as new Build Order

evobus Protoss 

Build Orders:  

Get SALT Encoding   

  12  0:02  Probe (Chrono Boost)  
  13  0:13  Probe (Chrono Boost)  
  14  0:23  Probe (Chrono Boost)  
  15  0:34  Pylon  
  15  0:52  Probe (Chrono Boost)  
  16  1:03  Probe (Chrono Boost)  
  17  1:13  Probe (Chrono Boost)  
  17  1:17  Nexus  
  18  1:24  Gateway  
  18  1:31  Assimilator  
  18  1:32  Probe (Chrono Boost)  
  19  1:41  Assimilator  
  19  1:42  Probe (Chrono Boost)  
  20  1:53  Probe (Chrono Boost)  
  21  1:56  Assimilator  
  21  2:01  Assimilator  
  21  2:03  Probe (Chrono Boost)  
  22  2:14  Probe (Chrono Boost)  
  23  2:16  Pylon  
  23  2:21  Cybernetics Core  
  23  2:29  Probe (Chrono Boost)  
  24  2:30  Probe (Chrono Boost)  
  25  2:40  Probe (Chrono Boost)  
  25  2:41  Probe (Chrono Boost)  
  27  2:50  Probe (Chrono Boost)  
  28  2:51  Probe (Chrono Boost)  
  29  3:01  Probe (Chrono Boost)  
  29  3:02  Probe (Chrono Boost)  
  31  3:08  Stargate  
  31  3:11  Probe (Chrono Boost), Pylon  
  33  3:13  Probe (Chrono Boost)  
  33  3:22  Probe (Chrono Boost)  
  33  3:23  Probe (Chrono Boost)  
  35  3:32  Probe (Chrono Boost)  
  35  3:34  Probe (Chrono Boost)  
  37  3:43  Probe (Chrono Boost)  
  37  3:44  Probe (Chrono Boost)  
  37  3:46  Stargate  
  39  3:51  Pylon  
  39  3:53  Probe (Chrono Boost)  
  39  3:54  Stargate  
  39  3:55  Probe (Chrono Boost)  
  41  4:02  Void Ray (Chrono Boost)  
  45  4:04  Probe (Chrono Boost)  
  45  4:08  Probe (Chrono Boost)  
  47  4:19  Probe (Chrono Boost)  
  48  4:29  Probe (Chrono Boost)  
  53  4:35  Void Ray (Chrono Boost)  
  53  4:39  Probe (Chrono Boost)  
  53  4:43  Void Ray (Chrono Boost)  
  58  4:50  Probe  
  59  5:03  Pylon  
  59  5:05  Pylon  
  59  5:08  Pylon  
  59  5:10  Pylon  
  59  5:22  Void Ray (Chrono Boost)  
  67  5:28  Void Ray (Chrono Boost)  
  67  5:55  Void Ray (Chrono Boost)  
  71  5:59  Void Ray (Chrono Boost)  
  79  6:11  Void Ray (Chrono Boost)  
  79  6:20  Robotics Facility  
  79  6:32  Void Ray (Chrono Boost)  
  83  6:37  Void Ray (Chrono Boost)  
  87  6:54  Void Ray (Chrono Boost)  
  91  7:27  Assimilator, Nexus  
  91  7:28  Pylon  
  91  7:32  Assimilator  
  91  7:35  Pylon  
  61  8:11  Void Ray x2 (Chrono Boost)  
  73  8:17  Void Ray (Chrono Boost)  
  80  8:48  Void Ray x2 (Chrono Boost)  
  84  8:59  Void Ray (Chrono Boost)  
  60  9:25  Void Ray (Chrono Boost)  
Show
View Real Time Build Order
Export as new Build Order

Kothoga Protoss 

Build Orders:  

Get SALT Encoding   

  12  0:04  Probe (Chrono Boost)  
  13  0:19  Pylon  
  14  0:21  Probe (Chrono Boost)  
  14  0:32  Probe (Chrono Boost)  
  15  0:41  Forge  
  15  0:58  Probe (Chrono Boost)  
  16  1:29  Photon Cannon  
  16  1:47  Nexus  
  16  1:49  Pylon  
  17  1:54  Probe (Chrono Boost)  
  17  2:03  Pylon  
  17  2:04  Probe (Chrono Boost)  
  17  2:06  Assimilator  
  18  2:10  Assimilator  
  18  2:15  Probe (Chrono Boost)  
  19  2:16  Photon Cannon  
  19  2:26  Probe (Chrono Boost)  
  19  2:28  Pylon  
  20  2:36  Probe (Chrono Boost)  
  21  2:47  Probe  
  22  2:56  Photon Cannon  
  22  2:59  Probe  
  22  3:04  Probe  
  24  3:13  Probe  
  24  3:14  Probe  
  26  3:25  Probe x2  
  28  3:32  Gateway  
  28  3:35  Probe  
  28  3:37  Probe  
  30  3:43  Photon Cannon  
  30  3:46  Probe  
  31  3:49  Probe  
  32  3:57  Probe  
  32  4:01  Probe  
  34  4:07  Probe  
  35  4:13  Probe  
  36  4:18  Probe  
  37  4:24  Cybernetics Core  
  37  4:25  Probe  
  37  4:28  Probe  
  39  4:37  Probe  
  40  4:39  Probe  
  40  4:41  Assimilator  
  41  4:45  Assimilator  
  41  4:48  Pylon  
  41  4:49  Probe x2  
  43  4:56  Pylon  
  43  5:02  Probe  
  43  5:03  Warp Gate (Chrono Boost)  
  44  5:19  Mothership Core  
  44  5:28  Photon Cannon  
  46  5:34  Photon Cannon  
  46  5:47  Twilight Council  
  46  5:56  Pylon  
  46  5:59  Gateway  
  46  6:09  Pylon  
  46  6:21  Protoss Shields Level 1  
  46  6:33  Stargate  
  46  6:36  Pylon  
  46  6:45  Protoss Air Weapons Level 1 (Chrono Boost), Stargate  
  46  6:50  Pylon  
  46  7:07  Stargate  
  46  7:10  Stargate  
  46  7:15  Pylon  
  46  7:19  Fleet Beacon  
  46  7:24  Stalker x2  
  46  7:28  Pylon  
  50  7:34  Void Ray x2  
  58  7:57  Stargate  
  58  8:11  Stargate  
  58  8:16  Pylon  
  58  8:17  Void Ray x2  
  66  8:24  Protoss Air Armor Level 1 (Chrono Boost)  
  66  8:27  Protoss Shields Level 2  
  66  8:28  Pylon  
  66  8:31  Charge  
  66  8:36  Gateway  
  66  8:39  Gateway  
  66  8:42  Photon Cannon  
  66  8:43  Gateway  
  66  8:44  Gateway  
  66  8:47  Pylon  
  66  9:01  Void Ray x2  
  66  9:02  Void Ray  
  78  9:33  Void Ray x2  
  86  9:54  Zealot  
  86  9:55  Zealot x3  
  86  9:56  Zealot x2  
  98  10:03  Protoss Air Weapons Level 2 (Chrono Boost)  
  90  10:32  Stalker  
  90  10:33  Stalker  
  90  10:34  Stalker x2  
  90  10:35  Stalker x2  
  100  10:39  Void Ray  
  100  10:40  Void Ray x3  
  100  10:41  Void Ray x2  
  126  11:05  Zealot x3  
  126  11:06  Zealot x3  
  138  11:22  Void Ray x2  
  138  11:23  Void Ray  
  132  12:10  Void Ray x4  
  148  12:34  Void Ray  
  82  13:38  Void Ray x5  
  82  13:39  Void Ray  
Tags
 
Add a new tag
Caveats
  • Supply blocks, unpowered buildings, or Contaminate may cause inaccurate times.
  • Supply counts are checked every 10 seconds.